 Dungeon Crawl Stone Soup version 0.24.0-125-gc4c63601f3 (webtiles) character file.

Game seed: 15542091777687161299, levelgen mode: deterministic

456966 Ereth the Executioner (level 24, -3/231 HPs)
             Began as a Hill Orc Fighter on Mar 4, 2020.
             Was a High Priest of Okawaru.
             Killed from afar by a starcursed mass (10 damage)
             ... with an accursed screaming
             ... on level 4 of the Abyss on Mar 7, 2020.
             The game lasted 04:07:41 (66613 turns).

Ereth the Executioner (Hill Orc Fighter)           Turns: 66613, Time: 04:07:42

Health: -3/231     AC: 31    Str: 28    XL:     24   Next: 40%
Magic:  21/21      EV:  9    Int:  5    God:    Okawaru [*****.]
Gold:   3153       SH: 31    Dex: 13    Spells: 31/32 levels left

rFire    + + .     SeeInvis .   O - +7 war axe (drain)
rCold    + . .     Gourm    .   v - +1 large shield {rPois}
rNeg     . . .     Faith    .   W - +0 gold dragon scales
rPois    +         Spirit   .   L - +0 helmet of Girogoru {Str+3}
rElec    .         Reflect  +   A - +2 cloak
rCorr    +         Harm     .   R - +1 pair of gloves {Str+3}
MR       +....     Rnd*Rage +   T - +1 pair of boots
Stlth    ..........             j - +4 amulet of reflection
HPRegen  0.48/turn              y - ring of protection from fire
MPRegen  0.17/turn              P - ring of resist corrosion

@: studying Fighting
A: [berserk 2], [deterioration 2], [dopey 2], low mp 1[+2], [weak 2]
}: 2/15 runes: decaying, gossamer
a: Heroism, Finesse, Renounce Religion


You were on level 4 of the Abyss.
You worshipped Okawaru.
Okawaru was extremely pleased with you.
You were not hungry.

You visited 8 branches of the dungeon, and saw 43 of its levels.
You visited the Abyss 3 times.
You also visited: Wizlab.

You collected 4924 gold pieces.
You spent 1771 gold pieces at shops.

Inventory:

Hand Weapons
 a - a +7 war axe of protection
 b - a +1 broad axe of venom
 M - a +5 hand axe of flaming
 O - a +7 war axe of draining (weapon)
Missiles
 h - 48 boomerangs (quivered)
Armour
 v - a +1 large shield of poison resistance (worn)
 A - a +2 cloak (worn)
 B - a +4 plate armour of fire resistance
 L - the +0 helmet of Girogoru (worn) {Str+3}
   (Okawaru gifted it to you on level 13 of the Dungeon)

   It affects your strength (+3).
 R - a +1 pair of gloves of strength (worn)
 T - a +1 pair of boots (worn)
 W - +0 gold dragon scales (worn)
Jewellery
 j - a +4 amulet of reflection (around neck)
 y - a ring of protection from fire (left hand)
 z - an uncursed amulet of the gourmand
 E - an uncursed ring of see invisible
 P - a ring of resist corrosion (right hand)
Wands
 i - a wand of acid (39)
 o - a wand of enslavement (30)
 t - a wand of digging (12)
 w - a wand of iceblast (41)
 D - a wand of paralysis (29)
 K - a wand of flame (21)
 N - a wand of polymorph (49)
 V - a wand of disintegration (32)
Scrolls
 c - 2 scrolls of silence
 e - a scroll of summoning
 g - 11 scrolls of teleportation
 s - 16 scrolls of remove curse
 u - 8 scrolls of fog
 C - 7 scrolls of fear
 F - 3 scrolls of identify
 I - 2 scrolls of holy word
 U - 3 scrolls of magic mapping
 X - 2 scrolls of blinking
 Z - 6 scrolls of amnesia
Potions
 d - 7 potions of might
 k - 6 potions of brilliance
 l - 9 potions of haste
 m - 21 potions of curing
 n - 10 potions of flight
 q - 4 potions of agility
 x - 3 potions of magic
 G - 4 potions of invisibility
 J - 2 potions of heal wounds
 S - 5 potions of ambrosia
 Y - 3 potions of cancellation
Books
 r - a manual of Fighting
Miscellaneous
 p - a lightning rod (4/4)
 H - a phial of floods
Comestibles
 f - 59 rations


   Skills:
 + Level 22.1 Fighting
 + Level 24.4 Axes
 + Level 9.5 Throwing
 + Level 16.4 Armour
 + Level 5.4 Dodging
 + Level 4.3 Stealth
 + Level 23.6 Shields
 + Level 4.6 Spellcasting
 + Level 6.2 Necromancy
 + Level 10.3 Invocations
 + Level 0.9 Evocations


You had 31 spell levels left.
You knew the following spells:

 Your Spells              Type           Power        Failure   Level  Hunger
a - Animate Skeleton      Necr           N/A          45%         1    ##.....

Your spell library contained the following spells:

 Spells                   Type           Power        Failure   Level  Hunger
 Pain                     Necr           #...         45%         1    ##.....
 Corpse Rot               Necr           N/A          61%         2    ###....
 Sublimation of Blood     Necr           #.........   61%         2    ###....
 Vampiric Draining        Necr           #.........   83%         3    ####...
 Regeneration             Chrm/Necr      #.........   99%         3    ####...
 Animate Dead             Necr           N/A          99%         4    #####..
 Apportation              Tloc           #.....       100%        1    ##.....
 Confusing Touch          Hex            #.....       100%        1    ##.....
 Corona                   Hex            #......      100%        1    ##.....
 Flame Tongue             Conj/Fire      #....        100%        1    ##.....
 Freeze                   Ice            #...         100%        1    ##.....
 Infusion                 Chrm           #...         100%        1    ##.....
 Sandblast                Erth           #.....       100%        1    ##.....
 Sting                    Conj/Pois      #...         100%        1    ##.....
 Summon Butterflies       Summ           #.......     100%        1    ##.....
 Summon Small Mammal      Summ           #...         100%        1    ##.....
 Ensorcelled Hibernation  Hex/Ice        #.....       100%        2    ###....
 Passwall                 Tmut/Erth      #.......     100%        2    ###....
 Poisonous Vapours        Pois/Air       #.....       100%        2    ###....
 Shroud of Golubria       Chrm/Tloc      #.....       100%        2    ###....
 Slow                     Hex            #.......     100%        2    ###....
 Song of Slaying          Chrm           #.......     100%        2    ###....
 Swiftness                Chrm/Air       #.......     100%        2    ###....
 Throw Flame              Conj/Fire      #.....       100%        2    ###....
 Confuse                  Hex            #.......     100%        3    ####...
 Conjure Flame            Conj/Fire      #.......     100%        3    ####...
 Dazzling Spray           Conj/Hex       #.....       100%        3    ####...
 Inner Flame              Hex/Fire       #.......     100%        3    ####...
 Mephitic Cloud           Conj/Pois/Air  #.......     100%        3    ####...
 Portal Projectile        Hex/Tloc       #.....       100%        3    ####...
 Recall                   Summ/Tloc      N/A          100%        3    ####...
 Spectral Weapon          Hex/Chrm       #.......     100%        3    ####...
 Stone Arrow              Conj/Erth      #.....       100%        3    ####...
 Tukima's Dance           Hex            #.......     100%        3    ####...
 Cause Fear               Hex            #.........   100%        4    #####..
 Leda's Liquefaction      Hex/Erth       #.........   100%        4    #####..
 Olgreb's Toxic Radiance  Pois           #.......     100%        4    #####..
 Passage of Golubria      Tloc           N/A          100%        4    #####..
 Petrify                  Tmut/Erth      #.......     100%        4    #####..
 Sticky Flame             Conj/Fire      #.......     100%        4    #####..
 Summon Lightning Spire   Summ/Air       #.......     100%        4    #####..
 Aura of Abjuration       Summ           #.........   100%        5    ######.
 Bolt of Draining         Conj/Necr      #.........   100%        5    ######.
 Bolt of Magma            Conj/Fire/Erth #.........   100%        5    ######.
 Borgnjor's Vile Clutch   Necr/Erth      #.........   100%        5    ######.
 Fireball                 Conj/Fire      #.........   100%        5    ######.
 Iskenderun's Battlesphe  Conj/Chrm      #.......     100%        5    ######.
 Lee's Rapid Deconstruct  Erth           #.........   100%        5    ######.
 Summon Demon             Summ           #.........   100%        5    ######.
 Summon Forest            Summ/Tloc      #.........   100%        5    ######.
 Summon Mana Viper        Hex/Summ       #.......     100%        5    ######.
 Venom Bolt               Conj/Pois      #.........   100%        5    ######.
 Bolt of Cold             Conj/Ice       #.........   100%        6    #######
 Darkness                 Hex            #.........   100%        6    #######
 Invisibility             Hex            #.......     100%        6    #######
 Iron Shot                Conj/Erth      #.........   100%        6    #######
 Shadow Creatures         Summ           N/A          100%        6    #######
 Haunt                    Necr/Summ      #.........   100%        7    #######
 Orb of Destruction       Conj           #.........   100%        7    #######
 Ring of Flames           Chrm/Fire      #.........   100%        7    #######
 Spellforged Servitor     Conj/Summ      #.........   100%        7    #######
 Borgnjor's Revivificati  Necr           #.........   100%        8    #######
 Death's Door             Chrm/Necr      #.........   100%        8    #######
 Infestation              Necr           #.........   100%        8    #######
 Necromutation            Tmut/Necr      #.........   100%        8    #######


Dungeon Overview and Level Annotations

Branches:
Dungeon (15/15)            Temple (0/1) D:7            Lair (6/6) D:10
  Swamp (4/4) Lair:3       Spider (4/4) Lair:4        Slime (0/5) Lair:6
    Orc (2/2) D:10            Elf (3/3) Orc:2        Vaults (4/5) D:13
  Crypt (0/3) Vaults:3     Depths (5/5) D:15            Zot (0/5) Depths:5
 WizLab (visited)

Altars:
Kikubaaqudgha
Makhleb
Nemelex Xobeh
Okawaru
Uskayaw
Vehumet
Zin
The Shining One
Beogh
Lugonu

Shops:
D:6 *   D:8 [   D:12 (   D:13 %(}   Orc:2 !([:   Elf:2 *   Vaults:1 :
Vaults:2 (   Vaults:4 =   Depths:2 (

Portals:
Hell: Lair:6 Depths:1 Depths:2 Depths:4 Depths:5
Abyss: Depths:1 Depths:2 Depths:4 Depths:5
Ziggurat: Depths:2

Annotations:
D:11 1 runed translucent door
D:13 8 runed translucent doors
D:15 3 runed translucent doors, Jeikeihu's ghost, journeyman MiAK


Innate Abilities, Weirdness & Mutations

[You often lose your temper in combat.]
[Your body often deteriorates upon taking damage.]
[You are very dopey. (Int -4)]
[Your magical capacity is extremely low. (-30% MP)]
[You are very weak. (Str -4)]


Message History

You see here a runed helmet.
The glowing orange brain turns its attention towards you.
The cacodemon gestures next to the starcursed mass.
Some rock shatters into small pieces.
A starcursed mass splits.
The starcursed mass engulfs you but does no damage.
A starcursed mass splits.
A starcursed mass splits. x2
The starcursed mass engulfs you but does no damage.
A deafening chorus of shrieks assaults your mind!
* * * LOW HITPOINT WARNING * * *
You recover from your berserk rage.
A deafening chorus of shrieks assaults your mind!
* * * LOW HITPOINT WARNING * * *
A large abomination comes into view.
You hear a grinding noise.
You hear a grinding noise.
A chorus of shrieks assaults your mind.
* * * LOW HITPOINT WARNING * * *
A deafening chorus of shrieks assaults your mind!
You die...

### #.# #.# ## .#..
# #...#.## .... .#
#####.#.#..# .... .#
#.#....X.#.##.. ..
.####.#.#....##.##
.# .#
#.##..XX.X.#.#.## .
...##..#..X.@...# ≈
#..##.#.#..###..#..#
≈.X.#..X..###.
#....## X###..###.
#....### X .X# .##
.#.# ..[X# .# ## ..
# #XXX.#.#. #.#
#...2 . . . #.


You could see 5 starcursed masses.

Vanquished Creatures
  A juggernaut (Depths:2)
  Sojobo (Vaults:1)
  Frederick (Depths:4)
  Bai Suzhen (Swamp:3)
  A caustic shrike (Depths:2)
  2 golden dragons
  the Enchantress (Depths:4)
  A bone dragon (Depths:5)
  2 tentacled monstrosities
  3 liches
  Jorgrun (D:15)
  Rupert (Lair:4)
  A deep elf blademaster (Elf:2)
  A tentacled starspawn (Abyss:2)
  Asterion (Depths:1)
  3 sphinxes
  2 shadow dragons
  Agnes (D:14)
  4 tengu reavers
  2 storm dragons
  Roxanne (Swamp:1)
  A thorn hunter (Swamp:4)
  4 frost giants
  9 fire giants
  2 deep elf sorcerers
  8 ghost moths
  An orc warlord (Vaults:3)
  6 emperor scorpions
  5 vault wardens
  2 draconian scorchers (Depths:5)
  11 very ugly things
  A deep elf elementalist (Elf:3)
  18 stone giants
  4 entropy weavers
  4 spriggan defenders
  3 vampire knights
  11 ironheart preservers
  3 deep elf demonologists
  5 deep elf annihilators
  2 purple draconians (Depths:5)
  A black draconian (Depths:5)
  A dire elephant (Lair:6)
  Azrael (Orc:2)
  5 spark wasps
  A merfolk javelineer (Depths:5)
  3 deep elf death magi
  7 ettins
  A merfolk impaler (Depths:5)
  16 fire dragons
  14 ogre magi
  2 jiangshi (Depths:3)
  2 green deaths (Swamp:4)
  Harold (Orc:1)
  9 yaktaur captains
  2 deep elf high priests
  9 great orbs of eyes
  3 rakshasas
  Erolcha (D:10)
  A shambling mangrove (Swamp:2)
  6 ice dragons
  2 spriggan air magi
  2 catoblepae
  19 vault guards
  7 centaur warriors
  A ghost crab (Swamp:2)
  17 hydras
  A death yak (Lair:4)
  11 alligators
  5 death knights
  7 deep troll earth magi
  22 dancing weapons
  2 hell hogs (Depths:4)
  6 tengu warriors
  6 deep troll shamans
  40 two-headed ogres
  Urug (Orc:1)
  5 orc high priests
  11 hell knights
  A titan zombie (D:15)
  A vampire mage (Depths:3)
  A thrashing horror (Swamp:4)
  Sonja (Lair:1)
  An iron troll (Depths:1)
  23 deep elf knights
  4 spriggan berserkers (Depths:4)
  A sixfirhy (Lair:6)
  A fire crab (shapeshifter) (Depths:2)
  A fire crab (Lair:6)
  2 skeletal warriors (D:15)
  15 deep trolls
  An unseen horror (D:10)
  A sea snake (shapeshifter) (Vaults:3)
  6 swamp dragons
  6 glowing orange brains
  4 flayed ghosts
  8 ironbrand convokers
  7 wizards
  An orange crystal statue (Depths:2)
  25 deep elf archers
  4 phantasmal warriors
  20 orb spiders
  19 ugly things
  20 orc knights
  60 deep elf magi
  An oklob plant (Lair:1)
  A glowing shapeshifter (Depths:4)
  2 orc sorcerers
  A mana viper (shapeshifter) (Depths:4)
  8 necromancers
  29 wolf spiders
  2 moths of wrath
  A shadow dragon skeleton (Vaults:3)
  18 elephants
  2 cyclopes
  3 manticores
  A manticore (shapeshifter) (Depths:2)
  A tengu skeleton (Depths:2)
  2 naga magi (Vaults:4)
  A frost giant skeleton (Vaults:3)
  2 guardian serpents (D:14)
  9 vault sentinels
  2 black mambas
  2 centaur zombies (D:13)
  A smoke demon (Lair:6)
  A human skeleton (Vaults:3)
  Psyche (D:12)
  A rust devil (Depths:2)
  An eye of devastation (shapeshifter) (Depths:2)
  6 orange demons
  3 gargoyles
  2 spriggan zombies (Depths:2)
  14 spiny frogs
  5 torpor snails
  A kobold demonologist (D:13)
  7 freezing wraiths
  2 ice devils (Lair:6)
  6 komodo dragons
  15 rime drakes
  16 demonic crawlers
  An ancient zyme (Abyss:3)
  A yaktaur skeleton (Vaults:3)
  44 yaktaurs
  5 tengu conjurers
  A red devil (Lair:6)
  6 trolls
  11 tyrant leeches
  2 polar bears
  30 jumping spiders
  2 hornets (shapeshifter)
  A wind drake (shapeshifter) (Vaults:3)
  5 blink frogs
  13 hornets
  Prince Ribbit (D:7)
  A dream sheep (shapeshifter) (Vaults:4)
  13 bog bodies
  30 slime creatures
  A snapping turtle (shapeshifter) (D:14)
  A tengu simulacrum (Vaults:3)
  A hippogriff (shapeshifter) (Elf:1)
  A fire dragon zombie (D:15)
  2 dream sheep (D:10)
  A human simulacrum (Vaults:2)
  A deep troll skeleton (D:15)
  11 hippogriffs
  4 spriggans
  7 shadows
  38 tarantellas
  7 wyverns
  An ettin skeleton (Depths:2)
  33 yaks
  10 water elementals
  6 wraiths
  60 redbacks
  6 fire elementals
  A hog (shapeshifter) (Elf:1)
  2 basilisks
  A basilisk (shapeshifter) (Vaults:1)
  2 humans (shapeshifter)
  Grum (Lair:1)
  7 hungry ghosts
  11 vampire mosquitoes
  11 steam dragons
  A neqoxec (Abyss:2)
  8 wargs
  8 large abominations
  16 swamp worms
  3 small abominations
  An acid dragon (D:15)
  31 water moccasins
  22 hell hounds
  7 porcupines
  3 ice beasts
  53 orc warriors
  4 sky beasts
  2 human zombies (Vaults:3)
  5 swamp drakes
  A sky beast (shapeshifter) (Vaults:2)
  5 necrophages (Lair:3)
  A black bear (Lair:5)
  2 ettin simulacra (Vaults:3)
  A black bear (shapeshifter) (Vaults:1)
  32 ogres
  4 boggarts (Depths:1)
  13 wolves
  14 centaurs
  11 crocodiles
  3 big kobolds (D:10)
  3 gnoll sergeants (D:6)
  3 elf zombies (Elf:1)
  2 earth elementals
  9 bullfrogs
  A water moccasin skeleton (D:5)
  2 wyvern skeletons
  2 scorpions
  A tengu zombie (D:15)
  21 killer bees
  10 wights
  3 electric eels
  7 howler monkeys
  7 crimson imps
  A starcursed mass (Abyss:2)
  3 quasits
  3 bullfrog zombies
  2 bullfrog skeletons
  7 hounds
  3 jellies
  2 gnoll shamans (D:6)
  10 centaur skeletons
  27 orc priests
  3 iguanas
  23 orc wizards
  4 worker ants
  A killer bee zombie (D:7)
  A hound skeleton (D:9)
  A worker ant zombie (D:8)
  15 gnolls
  23 adders
  A howler monkey skeleton (D:6)
  A shadow imp (D:11)
  3 oozes
  3 adder skeletons
  3 dart slugs
  5 leopard geckos
  125 orcs
  2 ball pythons
  6 giant cockroaches
  7 goblins
  6 hobgoblins
  5 jackals
  6 kobolds
  4 quokkas
  5 bats
  3 frilled lizards
  A jackal skeleton (D:7)
  6 rats
  A bush (Lair:1)
  A fire vortex (Elf:2)
  15 fungi
  7 plants
  2 starspawn tentacles (Abyss:2)
1850 creatures vanquished.

Vanquished Creatures (collateral kills)
  A lich (Depths:2)
  An ettin (Depths:4)
  A merfolk javelineer (Depths:5)
  3 great orbs of eyes
  A fire dragon (Depths:2)
  2 ice dragons
  A wretched star (Abyss:4)
  An unseen horror (Abyss:4)
  A wolf spider (shapeshifter) (Depths:2)
  A water moccasin (D:13)
13 creatures vanquished.

Vanquished Creatures (others)
  An orc warlord (Orc:2)
  An emperor scorpion (Spider:4)
  A vampire knight (Depths:1)
  2 stone giants
  A rakshasa (Depths:1)
  A centaur warrior (Depths:4)
  A tengu warrior (Depths:2)
  A deep elf knight (D:15)
  A spriggan druid (Swamp:3)
  2 deep elf magi (Elf:2)
  2 orc knights (Orc:2)
  A rime drake (Lair:6)
  6 yaktaurs
  A swamp worm (Swamp:3)
  2 swamp drakes (Swamp:3)
  An orc warrior (Orc:2)
  A human (D:7)
  A centaur (Depths:1)
  A small abomination (Abyss:4)
  An orc priest (Orc:2)
  An orc wizard (Orc:2)
  An adder (D:11)
  A briar patch (Swamp:4)
  3 fungi
  10 plants
  2 starspawn tentacles (Abyss:2)
47 creatures vanquished.

Grand Total: 1910 creatures vanquished

Notes
Turn   | Place    | Note
-------+----------+-------------------------------------------
     0 | D:1      | Ereth the Hill Orc Fighter began the quest for the Orb.
     0 | D:1      | Reached XP level 1. HP: 19/19 MP: 1/1
   247 | D:1      | Found an iron altar of Okawaru.
   252 | D:1      | Reached XP level 2. HP: 27/27 MP: 2/2
   264 | D:1      | Became a worshipper of Warmaster Okawaru
   447 | D:2      | Reached skill level 3 in Axes
   474 | D:2      | Reached XP level 3. HP: 28/33 MP: 3/3
  1170 | D:2      | Found a sparkling altar of Nemelex Xobeh.
  1199 | D:2      | Reached XP level 4. HP: 40/40 MP: 4/4
  1202 | D:2      | Reached skill level 4 in Axes
  2079 | D:3      | Reached XP level 5. HP: 46/46 MP: 5/5
  2085 | D:3      | Found a glowing golden altar of the Shining One.
  2158 | D:3      | Noticed an ogre
  2166 | D:3      | Killed an ogre
  2166 | D:3      | Reached * piety under Okawaru
  2166 | D:3      | Reached skill level 1 in Throwing
  2675 | D:4      | Reached skill level 5 in Axes
  2675 | D:4      | Reached XP level 6. HP: 41/52 MP: 6/6
  3205 | D:4      | Reached ** piety under Okawaru
  3205 | D:4      | Reached skill level 1 in Stealth
  3230 | D:4      | Reached XP level 7. HP: 49/60 MP: 7/7
  3475 | D:4      | Reached skill level 6 in Axes
  3869 | D:5      | Entered Level 5 of the Dungeon
  3966 | D:5      | Reached skill level 5 in Fighting
  4024 | D:5      | Reached skill level 7 in Axes
  4024 | D:5      | Reached skill level 5 in Armour
  4024 | D:5      | Reached skill level 5 in Shields
  4241 | D:5      | Reached XP level 8. HP: 62/68 MP: 8/8
  4799 | D:5      | Reached skill level 1 in Dodging
  4799 | D:5      | Reached skill level 1 in Invocations
  5247 | D:6      | Reached skill level 8 in Axes
  5378 | D:6      | Reached *** piety under Okawaru
  5418 | D:6      | Reached skill level 9 in Axes
  5439 | D:6      | Reached XP level 9. HP: 73/74 MP: 6/9
  5782 | D:6      | Found Eqeazeol's General Store.
  5790 | D:6      | Bought a scroll of enchant armour for 105 gold pieces
  5790 | D:6      | Bought a scroll of teleportation for 42 gold pieces
  5790 | D:6      | Bought a scroll of magic mapping for 49 gold pieces
  6037 | D:7      | Reached skill level 10 in Axes
  6070 | D:7      | Noticed Prince Ribbit
  6090 | D:7      | Killed Prince Ribbit
  6120 | D:7      | Found a staircase to the Ecumenical Temple.
  6231 | D:7      | Found an ancient bone altar of Kikubaaqudgha.
  6695 | D:8      | Reached skill level 11 in Axes
  7087 | D:8      | Found Vavaeloxt's Armour Shoppe.
  7330 | D:8      | Reached **** piety under Okawaru
  7648 | D:9      | Reached XP level 10. HP: 81/83 MP: 8/11
  7816 | D:9      | Reached skill level 12 in Axes
  8299 | D:10     | Entered Level 10 of the Dungeon
  8327 | D:10     | Found a staircase to the Lair.
  8404 | D:10     | Found a staircase to the Orcish Mines.
  8557 | D:10     | Got an encrusted helmet
  8569 | D:10     | Identified the cursed -3 helmet of the Clam {Str+4} (You
                  | found it on level 10 of the Dungeon)
  8724 | D:10     | Reached ***** piety under Okawaru
  8724 | D:10     | Received a gift from Okawaru
  8743 | D:10     | Noticed a two-headed ogre
  8751 | D:10     | Killed a two-headed ogre
  8751 | D:10     | Received a gift from Okawaru
  8751 | D:10     | Reached skill level 13 in Axes
  9068 | D:10     | Killed an unseen horror
  9068 | D:10     | Reached XP level 11. HP: 73/92 MP: 10/13
  9195 | D:10     | Noticed a two-headed hydra
  9203 | D:10     | Killed a one-headed hydra
  9203 | D:10     | Received a gift from Okawaru
  9331 | D:11     | Reached skill level 14 in Axes
  9439 | D:11     | Noticed a manticore
  9450 | D:11     | Killed a manticore
  9669 | D:11     | Received a gift from Okawaru
  9770 | D:11     | Received a gift from Okawaru
 10321 | D:11     | Found a glowing golden altar of the Shining One.
 10367 | D:11     | Reached skill level 15 in Axes
 10538 | D:11     | Reached XP level 12. HP: 99/104 MP: 14/14
 11104 | D:11     | Found a glowing silver altar of Zin.
 11104 | D:11     | Found a runed translucent door.
 11104 | D:11     | Noticed an angel
 11345 | D:12     | Noticed Psyche
 11352 | D:12     | Killed Psyche
 11381 | D:12     | Noticed a five-headed hydra
 11394 | D:12     | Killed a one-headed hydra
 11394 | D:12     | Received a gift from Okawaru
 11581 | D:12     | Found Oxzeth's Antique Weapon Shop.
 11620 | D:12     | Reached skill level 10 in Armour
 11641 | D:12     | Reached skill level 16 in Axes
 12248 | D:13     | Found Yreest's Gadget Boutique.
 12288 | D:13     | Noticed a two-headed ogre
 12300 | D:13     | Noticed a two-headed ogre
 12302 | D:13     | Killed a two-headed ogre
 12315 | D:13     | Received a gift from Okawaru
 12319 | D:13     | Reached skill level 10 in Fighting
 12323 | D:13     | Killed a two-headed ogre
 12323 | D:13     | Received a gift from Okawaru
 12343 | D:13     | Found a large runed translucent door.
 12344 | D:13     | Found a large runed translucent door.
 12348 | D:13     | Found a large runed translucent door.
 12349 | D:13     | Found a large runed translucent door.
 12397 | D:13     | Noticed a centaur warrior
 12408 | D:13     | Killed a centaur warrior
 12408 | D:13     | Reached ****** piety under Okawaru
 12408 | D:13     | Received a gift from Okawaru
 12565 | D:13     | Noticed a vault guard
 12565 | D:13     | Noticed a vault guard
 12565 | D:13     | Noticed a vault guard
 12566 | D:13     | Found a gate to the Vaults.
 12566 | D:13     | Noticed a vault guard
 12566 | D:13     | Noticed a vault guard
 12566 | D:13     | Noticed a vault guard
 12567 | D:13     | Noticed a vault guard
 12567 | D:13     | Noticed a vault guard
 12583 | D:13     | Killed a vault guard
 12583 | D:13     | Reached skill level 10 in Shields
 12598 | D:13     | Killed a vault guard
 12788 | D:13     | Killed a vault guard
 12788 | D:13     | Received a gift from Okawaru
 12788 | D:13     | Reached XP level 13. HP: 110/114 MP: 14/16
 12801 | D:13     | Killed a vault guard
 12815 | D:13     | Killed a vault guard
 12820 | D:13     | Killed a vault guard
 12827 | D:13     | Killed a vault guard
 12827 | D:13     | Received a gift from Okawaru
 12830 | D:13     | Got a blackened helmet {god gift}
 12854 | D:13     | Identified the +0 helmet of Girogoru {Str+3} (Okawaru
                  | gifted it to you on level 13 of the Dungeon)
 13049 | D:13     | Killed a vault guard
 13088 | D:13     | Found Suudibro's Antique Weapon Shop.
 13759 | D:13     | Reached skill level 5 in Invocations
 13764 | D:13     | Reached skill level 17 in Axes
 13828 | D:13     | Found a large runed translucent door.
 13829 | D:13     | Found a large runed translucent door.
 13918 | D:13     | Found Dann's Food Shoppe.
 14045 | D:13     | You fall into a shaft and drop 2 floors!
 14045 | D:15     | Entered Level 15 of the Dungeon
 14045 | D:15     | Found a staircase to the Depths.
 14045 | D:15     | Noticed a fire dragon
 14051 | D:15     | Noticed a deep elf death mage
 14051 | D:15     | Noticed Jorgrun
 14078 | D:14     | Received a gift from Okawaru
 14132 | D:14     | Noticed Agnes
 14140 | D:14     | Killed Agnes
 14140 | D:14     | Reached XP level 14. HP: 14/126 MP: 17/17
 14700 | D:13     | Found a large runed translucent door.
 14700 | D:13     | Noticed a frost giant
 14734 | D:13     | Found a large runed translucent door.
 14936 | D:14     | Found a roughly hewn altar of Beogh.
 15916 | D:15     | Received a gift from Okawaru
 15916 | D:15     | Reached skill level 5 in Throwing
 15994 | D:15     | Found a runed translucent gate.
 15994 | D:15     | Found a runed translucent gate.
 15994 | D:15     | Found a runed translucent gate.
 15999 | D:15     | Noticed a frost giant
 16000 | D:15     | Noticed Jeikeihu's ghost (journeyman MiAK)
 16387 | D:15     | Killed Jorgrun
 16455 | D:15     | Found an iron altar of Okawaru.
 18772 | Lair:1   | Entered Level 1 of the Lair of Beasts
 18772 | Lair:1   | Noticed Grum
 18796 | Lair:1   | Killed Grum
 18990 | Lair:1   | Noticed Sonja
 18998 | Lair:1   | Killed Sonja
 19192 | Lair:1   | Reached skill level 18 in Axes
 20537 | Lair:2   | Reached XP level 15. HP: 132/136 MP: 19/19
 21490 | Lair:3   | Found a staircase to the Swamp.
 21711 | Lair:3   | Found a hide-covered altar of Uskayaw.
 22761 | Lair:4   | Noticed Rupert
 22783 | Lair:4   | Killed Rupert
 23088 | Lair:4   | Found a hole to the Spider Nest.
 23096 | Lair:4   | Received a gift from Okawaru
 23642 | Lair:5   | Received a gift from Okawaru
 24144 | Lair:6   | Entered Level 6 of the Lair of Beasts
 24957 | Lair:6   | Reached XP level 16. HP: 125/147 MP: 20/20
 25031 | Lair:6   | Found a burning altar of Makhleb.
 25047 | Lair:6   | Reached skill level 19 in Axes
 25052 | Lair:6   | Reached skill level 15 in Shields
 25062 | Lair:6   | Found a gateway to Hell.
 25320 | Lair:6   | Found a staircase to the Slime Pits.
 25570 | Orc:1    | Entered Level 1 of the Orcish Mines
 25570 | Orc:1    | Noticed Harold
 25570 | Orc:1    | Noticed Urug
 25580 | Orc:1    | Killed Harold
 25590 | Orc:1    | Killed Urug
 25719 | Orc:1    | Noticed Erolcha
 25743 | D:10     | Killed Erolcha
 25928 | Orc:1    | You fall into a shaft and drop 1 floor!
 25928 | Orc:2    | Entered Level 2 of the Orcish Mines
 25981 | Orc:1    | Received a gift from Okawaru
 26251 | Orc:2    | Found a roughly hewn altar of Beogh.
 26260 | Orc:2    | Found Opleugg's Book Shop.
 26522 | Orc:2    | Found a staircase to the Elven Halls.
 26539 | Orc:2    | Noticed Azrael
 26555 | Orc:2    | Killed Azrael
 27151 | Orc:2    | Found a roughly hewn altar of Beogh.
 27183 | Orc:2    | Found a roughly hewn altar of Beogh.
 27231 | Orc:2    | Found a roughly hewn altar of Beogh.
 27267 | Orc:2    | Found a roughly hewn altar of Beogh.
 27294 | Orc:2    | Found Wevejyle's Distillery.
 27299 | Orc:2    | Bought a potion of heal wounds for 70 gold pieces
 27299 | Orc:2    | Bought a potion of heal wounds for 70 gold pieces
 27501 | Orc:2    | Found Soqini's Antique Armour Shoppe.
 27502 | Orc:2    | Found a roughly hewn altar of Beogh.
 27505 | Orc:2    | Found Fixtirch's Antique Weapon Emporium.
 27763 | Swamp:1  | Entered Level 1 of the Swamp
 27763 | Swamp:1  | Noticed Roxanne
 27943 | Swamp:1  | Killed Roxanne
 28477 | Swamp:1  | Received a gift from Okawaru
 28790 | Swamp:1  | Reached skill level 15 in Fighting
 30551 | Swamp:3  | Noticed Bai Suzhen
 30853 | Swamp:3  | Killed Bai Suzhen
 30853 | Swamp:3  | Received a gift from Okawaru
 30853 | Swamp:3  | Reached XP level 17. HP: 84/156 MP: 18/21
 31547 | Swamp:4  | Entered Level 4 of the Swamp
 32391 | Swamp:4  | Received a gift from Okawaru
 33449 | Swamp:4  | Noticed a tentacled monstrosity
 33475 | Swamp:4  | Killed a tentacled monstrosity
 33795 | Swamp:4  | Got a decaying rune of Zot
 34029 | Spider:1 | Entered Level 1 of the Spider Nest
 35218 | Spider:2 | Reached skill level 20 in Axes
 35558 | Spider:2 | Received a gift from Okawaru
 36346 | Spider:2 | Reached XP level 18. HP: 166/166 MP: 23/23
 36465 | Spider:3 | Received a gift from Okawaru
 38098 | Spider:4 | Entered Level 4 of the Spider Nest
 38392 | Spider:4 | Received a gift from Okawaru
 39994 | Spider:4 | Got a gossamer rune of Zot
 40468 | Vaults:1 | Entered Level 1 of the Vaults
 40521 | Vaults:1 | Reached XP level 19. HP: 115/174 MP: 24/24
 40919 | Vaults:1 | Received a gift from Okawaru
 41112 | Vaults:1 | Found Wossoz's Book Shoppe.
 41532 | Vaults:1 | Reached skill level 21 in Axes
 41657 | Vaults:1 | Noticed Sojobo
 41685 | Vaults:1 | Received a gift from Okawaru
 41701 | Vaults:1 | Killed Sojobo
 41801 | Vaults:1 | Paralysed by something for 2 turns
 42732 | Vaults:2 | Received a gift from Okawaru
 42825 | Vaults:2 | Received a gift from Okawaru
 42835 | Vaults:2 | Reached XP level 20. HP: 149/187 MP: 21/26
 43136 | Vaults:2 | You fall into a shaft and drop 2 floors!
 43631 | Vaults:3 | Received a gift from Okawaru
 44432 | Vaults:3 | Received a gift from Okawaru
 44768 | Vaults:2 | Found Juoso's Weapon Boutique.
 44853 | Vaults:2 | Received a gift from Okawaru
 45154 | Vaults:2 | Received a gift from Okawaru
 45174 | Vaults:2 | Reached skill level 22 in Axes
 45331 | Vaults:2 | Reached skill level 5 in Dodging
 46506 | Vaults:3 | Found a roughly hewn altar of Beogh.
 46553 | Vaults:2 | Reached skill level 15 in Armour
 47231 | Vaults:3 | Found a staircase to the Crypt.
 47328 | Vaults:3 | Paralysed by a great orb of eyes for 5 turns
 47347 | Vaults:3 | Received a gift from Okawaru
 47864 | Vaults:4 | Reached XP level 21. HP: 192/198 MP: 27/27
 48377 | Vaults:4 | Found Epaimam's Jewellery Emporium.
 48565 | Vaults:4 | Found a radiant altar of Vehumet.
 48598 | Vaults:4 | Learned a level 1 spell: Animate Skeleton
 48614 | Vaults:4 | Cast into level 2 of the Abyss (a wizard)
 48650 | Abyss:2  | Gained mutation: [Your magical capacity is low. (-10% MP)]
                  | [a neqoxec]
 48727 | Abyss:2  | Paralysed by accursed screaming for 2 turns
 48731 | Abyss:2  | Paralysed by accursed screaming for 1 turns
 48733 | Abyss:2  | Paralysed by accursed screaming for 1 turns
 48742 | Abyss:2  | Paralysed by accursed screaming for 2 turns
 48756 | Vaults:4 | Escaped the Abyss
 50593 | Elf:1    | Entered Level 1 of the Elven Halls
 50604 | Elf:1    | Received a gift from Okawaru
 50616 | Elf:1    | Found a radiant altar of Vehumet.
 50688 | Elf:1    | Received a gift from Okawaru
 50896 | Elf:1    | Received a gift from Okawaru
 50921 | Elf:1    | Identified the Incunabulum of Summoning
 51136 | Elf:1    | Reached skill level 23 in Axes
 51196 | Elf:1    | Found a ruined gateway.
 51353 | Elf:1    | Identified the Papyrus of Necromancy
 52386 | Elf:2    | Cast into level 2 of the Abyss (a deep elf demonologist)
 52388 | Abyss:2  | Found a corrupted altar of Lugonu.
 52439 | Abyss:2  | Found an opulent altar of Gozag.
 52463 | Abyss:2  | Found a corrupted altar of Lugonu.
 52582 | Elf:2    | Escaped the Abyss
 52762 | Elf:2    | Found a runed translucent gate.
 52762 | Elf:2    | Found a runed translucent gate.
 52762 | Elf:2    | Found a runed translucent gate.
 53472 | Elf:2    | Found Efoeduigh's Elven Fire.
 53543 | Elf:2    | Reached XP level 22. HP: 143/209 MP: 26/26
 54386 | Elf:2    | Received a gift from Okawaru
 54935 | Depths:1 | Entered Level 1 of the Depths
 55017 | Depths:1 | Noticed Asterion
 55143 | Depths:1 | Killed Asterion
 55335 | Depths:1 | Identified the cursed +1 robe "Reir" {rN+ Dex+7 SInv}
 55380 | Depths:1 | Found a one-way gate to the infinite horrors of the Abyss.
 55431 | Depths:1 | Paralysed by a great orb of eyes for 6 turns
 55598 | Depths:1 | Paralysed by a great orb of eyes for 3 turns
 56452 | Depths:1 | Received a gift from Okawaru
 57029 | Depths:2 | Reached skill level 1 in Necromancy
 57173 | Depths:2 | Reached skill level 1 in Spellcasting
 57600 | Depths:2 | Found a gateway to a ziggurat.
 57758 | Depths:2 | Received a gift from Okawaru
 57953 | Depths:2 | Reached XP level 23. HP: 214/217 MP: 25/27
 58041 | Depths:2 | Noticed a juggernaut
 58235 | Depths:2 | Killed a juggernaut
 58344 | Depths:2 | Received a gift from Okawaru
 58568 | Depths:2 | Identified the cursed +0 morningstar "Keptifepp" {chaos,
                  | rN+ Int+3}
 59396 | Depths:2 | Found Onloe's Weapon Boutique.
 59817 | Depths:2 | Found the amulet of the Air {Inacc +Fly rElec EV+5 RMsl}
 60198 | Depths:2 | Identified Apticlaw's Tome of Protection and Snow
 60344 | Depths:3 | Noticed a caustic shrike
 60363 | Depths:2 | Killed a caustic shrike
 60721 | Orc:2    | Reached skill level 24 in Axes
 60956 | Orc:2    | Bought a manual of Fighting for 1435 gold pieces
 61189 | Depths:3 | Noticed a golden dragon
 61196 | Depths:3 | Killed a golden dragon
 61342 | Depths:4 | Noticed Frederick
 61366 | Depths:4 | Killed Frederick
 61366 | Depths:4 | Reached skill level 5 in Necromancy
 61641 | Depths:4 | Found a corrupted altar of Lugonu.
 61782 | Depths:4 | Found a magical portal.
 61809 | WizLab   | Found a transporter.
 61860 | Depths:4 | Identified a scroll of acquirement
 61863 | Depths:4 | Reached skill level 10 in Invocations
 61901 | Depths:4 | Got a pair of ichor-stained boots
 61912 | Depths:4 | Identified the -4 pair of boots "Cehu" {rCorr MP-9 Int+4
                  | SInv} (You acquired it on level 4 of the Depths)
 62175 | Depths:4 | Received a gift from Okawaru
 62400 | Depths:4 | Noticed the Enchantress
 62425 | Depths:4 | Killed the Enchantress
 62432 | Depths:4 | Received a gift from Okawaru
 62490 | Depths:4 | Paralysed by a great orb of eyes for 6 turns
 62800 | Depths:4 | Received a gift from Okawaru
 62841 | Depths:4 | Paralysed by a great orb of eyes for 6 turns
 62842 | Depths:4 | Reached XP level 24. HP: 219/229 MP: 27/27
 63368 | Depths:5 | Entered Level 5 of the Depths
 63381 | Depths:5 | Paralysed by a sphinx for 3 turns
 63387 | Depths:5 | Paralysed by a sphinx for 5 turns
 63579 | Depths:5 | Found a gate to the Realm of Zot.
 65640 | Elf:3    | Entered Level 3 of the Elven Halls
 66377 | Elf:3    | Cast into level 3 of the Abyss (a deep elf sorcerer)
 66612 | Abyss:4  | HP: 7/231 [starcursed mass/accursed screaming (11)]
 66613 | Abyss:4  | Killed from afar by a starcursed mass

Levels and vault maps discovered:
D:1:      dpeg_arrival_chase, layout_rooms, okawaru_ov_weapons_minmay
D:2:      layout_loops_corners, first_ration, serial_bayou_pond_c,
          wad_floor_pattern_2, grunt_ministairs_1, nemelex_lonely_heart_becter
D:3:      layout_basic, tso_oasis_becter
D:4:      layout_basic, kennysheep_generic_room_13
D:5:      layout_layer_cave
D:6:      layout_cave_pools, serial_shops, shop, serial_gnoll_camp,
          gnoll_camp_mini_hut, gnoll_camp_mini_hut, gnoll_camp_medium_01,
          gnoll_camp_mini_hut, gnoll_camp_mini_house, minmay_misc_feat_diagonals
D:7:      minmay_spotlight, layout_cave_pools,
          minmay_temple_entry_statues_pillars, hangedman_decor_push,
          roderic_filled_cross, tgw_kikubaaqudgha, uniq_prince_ribbit1
D:8:      layout_loops_corners, serial_shops, nicolae_shop_waterfront
D:9:      layout_big_octagon
D:10:     layout_roguey, lair_entry_dummy, erik_orc_3, hangedman_ranch
          [blue_anna_fruit_fields], minmay_tree_intersection
D:11:     lemuel_reptile_caves, layout_basic, basic_altar,
          gauntlet_entry_generic, lemuel_angel_altar
D:12:     layout_irregular_city, serial_shops, shop, uniq_psyche
D:13:     minmay_five_octagons, layout_long_grid, erik_vaults_2, serial_shops,
          nicolae_shop_waterfront, shop_coins, shop
D:14:     layout_rooms, chequers_serial_rivers_micro_e, special_room
          [special_room_orc], enter_bailey_2, nrook_guardian_serpent_double,
          uniq_agnes
D:15:     gammafunk_depths_entry_grave, layout_rooms,
          gammafunk_ghost_fury_of_okawaru, minmay_rotating_lava, uniq_jorgrun
Lair:1:   layout_concentric_octagons, minmay_lair_oklob_bushes,
          chequers_serial_rivers_large_a, uniq_grum, uniq_sonja
Lair:2:   layout_layer_cave, lemuel_fruit_tree, infiniplex_staircase_pool,
          grunt_megastairs_3
Lair:3:   layout_loops_ring, swamp_mist, basic_altar, roderic_carrion_pond
Lair:4:   layout_concentric_octagons, spider_nest_entry_funnel_web,
          nicolae_lair_yak_garden, uniq_rupert
Lair:5:   layout_misc_corridors, chequers_serial_rivers_micro_a
Lair:6:   evil_forest, layout_long_grid, dpeg_slime_entry_corner,
          bobbens_dragon_lair_wall
Swamp:1:  layout_basic_swamp, evilmike_swamp_ruin_house_3, swamp_pool1,
          uniq_roxanne
Swamp:2:  layout_basic_swamp, serial_swamp_ruin, evilmike_swamp_ruin_house_5,
          evilmike_swamp_ruin_house_1
Swamp:3:  layout_falls_marsh, evilmike_swamp_ruin_house_2, uniq_bai_suzhen
Swamp:4:  swamp_vile, layout_basic_swamp, swamp_pool3
Spider:1: layout_spider_delve
Spider:2: layout_chambers
Spider:3: layout_spider_delve
Spider:4: grunt_spider_rune_parallel, nicolae_spider_webbed_stairs
Orc:1:    layout_caves, uniq_erolcha, uniq_harold, uniq_urug
Orc:2:    grunt_orc_community_town_hall, layout_diamond_mine,
          grunt_orc_community_big_house_2, grunt_orc_community_big_house_2,
          grunt_orc_community_house_1, grunt_orc_community_house_3,
          grunt_orc_community_house_1, grunt_orc_community_house_3,
          grunt_orc_community_house_3, uniq_azrael
Elf:1:    eino_elf_arrival_altar, layout_gridlike, portal_desolation_entry_ruin,
          minmay_elf_necromancy, solitary_fountain, minmay_elf_demonology
Elf:2:    layout_geoelf_diagonals, guppyfry_elf_lava
Elf:3:    minmay_elf_hall_spiked, layout_geoelf_grid, serial_shops,
          nicolae_shop_stone
Vaults:1: v_rooms_1, sword_in_stone, nicolae_vaults_hallways_thing,
          hangedman_vaults_cutoff, ontoclasm_vaults_decontamination,
          vaults_mumra_minichess_inversion, nicolae_vaults_network_periphery,
          nicolae_vaults_diagonal_hallway_8, vaults_mumra_hexcomb,
          vaults_room_grunt_arrival_checkpoint, nicolae_vaults_specimen_jars,
          vaults_dpeg_ring, layout_vaults_omnicross, serial_shops,
          nicolae_shop_window_shopping
Vaults:2: nicolae_vaults_meeting, v_rooms_4, hangedman_vaults_corner,
          hangedman_vaults_nodes, v_misc_33, v_misc_19, v_misc_11, v_pattern_1,
          layout_vaults_chaotic_city, serial_shops, nicolae_shop_waterfront
Vaults:3: special_room_vaults [special_room_orc],
          nicolae_vaults_network_quincunx
          [nicolae_vaults_network_quincunx_subvault,
          nicolae_vaults_network_quincunx_subvault,
          nicolae_vaults_network_quincunx_subvault,
          nicolae_vaults_network_quincunx_subvault,
          nicolae_vaults_network_quincunx_subvault],
          ontoclasm_vaults_loading_screen,
          vaults_standard_mumra_enter_the_diamond, nicolae_vaults_alarming,
          blue_anna_dwarven_crypt, grunt_vaults_swirl,
          nicolae_vaults_network_star, hangedman_vaults_restitches,
          layout_vaults_omnigrid
Vaults:4: vaults_room_pools, nicolae_vaults_back_hallway, grunt_tower_of_power,
          nicolae_vaults_little_ls, v_misc_16, v_misc_27,
          ontoclasm_vaults_misaligned, grunt_vaults_funnel, layout_vaults_ring,
          serial_shops, nicolae_shop_crystal
Depths:1: layout_cave_shapes, hell_entry, chequers_serial_rivers_micro_c,
          abyss_entry, minmay_misc_feat_hallway, minmay_misc_feat_rows,
          drop_trap, minmay_misc_feat_encased, dk_noncrumbling_3,
          grunt_ministairs_11, grunt_megastairs_4, uniq_asterion
Depths:2: minmay_heptahexagon, layout_long_grid, enter_ziggurat_e, serial_shops,
          shop, grunt_hell_entry_dis_grunt, roderic_roman_lattice,
          abyss_entry_small_statue_room, dk_noncrumbling_4, minivault_15
Depths:3: minmay_diamond_stairs, layout_long_grid, rand_demon_pan_entry_1,
          hell_entry, lemuel_crystal_altar, gammafunk_ghost_tricky_traps,
          chequers_serial_rivers_micro_e, serial_sigils_hangedman_writhe,
          infiniplex_staircase_door_maze
Depths:4: minmay_thick_lines, layout_gridlike, grunt_hell_horde,
          abyss_entry_flame_altar, lightli_enter_wizlab_magi_temple,
          uniq_enchantress, uniq_frederick
Depths:5: evilmike_zot_entry_diamond, layout_basic, hell_entry, abyss_entry,
          minmay_misc_feat_five, water_boxes_lemuel
Abyss:4:  base: Depths:5, hangedman_abyss_lost_library

Skill      XL: |  1  2  3  4  5  6  7  8  9 10 11 12 13 14 15 16 17 18 19 20 21 22 23 24 |
---------------+-------------------------------------------------------------------------+-----
Axes           | 3 4 5 7 9 11 13 15 16 17 18 19 20 21 22 23 24 | 24.4
Fighting       | 4 5 6 7 9 10 12 13 14 15 16 17 19 20 21 22 | 22.1
Shields        | 4 5 6 7 8 10 12 13 14 16 17 19 20 21 22 23 | 23.6
Armour         | 4 5 6 7 8 9 10 11 12 13 14 15 16 | 16.4
Throwing       | 1 2 3 4 5 6 7 8 9 |  9.5
Stealth        | 1 2 3 4 |  4.3
Dodging        | 1 2 3 4 5 |  5.4
Invocations    | 1 2 3 4 5 6 7 8 9 10 | 10.3
Necromancy     | 2 5 6 |  6.2
Spellcasting   | 1 4 |  4.6
Evocations     | |  0.9

Action                   |  1- 3 |  4- 6 |  7- 9 | 10-12 | 13-15 | 16-18 | 19-21 | 22-24 || total
-------------------------+-------+-------+-------+-------+-------+-------+-------+-------++-------
Melee: War axe           |    86 |   158 |   427 |   489 |  1047 |  1042 |  1736 |  1290 ||  6275
       Battleaxe         |       |       |       |   163 |       |       |       |       ||   163
       Hand axe          |       |       |       |    26 |    62 |   536 |       |       ||   624
       Broad axe         |       |       |       |       |       |   173 |       |       ||   173
Throw: Boomerang         |     4 |    37 |    33 |    32 |    51 |   212 |    97 |    89 ||   555
 Cast: Animate Skeleton  |       |       |       |       |       |       |       |    49 ||    49
Invok: Heroism           |       |     1 |    11 |    22 |    29 |    51 |    46 |    33 ||   193
       Finesse           |       |       |       |       |     3 |     7 |     9 |    10 ||    29
Evoke: Wand              |       |       |       |       |     3 |     1 |     1 |     1 ||     6
       Lightning rod     |       |       |       |       |       |     1 |       |       ||     1
  Use: Scroll            |     6 |     2 |    13 |     3 |    20 |    17 |    15 |    14 ||    90
       Potion            |       |       |     1 |       |     7 |     5 |     4 |     4 ||    21
 Stab: Paralysed         |       |       |       |       |       |    11 |       |       ||    11
       Confused          |       |       |       |       |       |     2 |       |     1 ||     3
       Distracted        |       |       |       |       |       |     1 |     2 |     6 ||     9
  Eat: Ration            |     1 |     1 |     4 |     7 |     7 |    10 |     1 |     2 ||    33
       Chunk             |       |     2 |     7 |    12 |    12 |    19 |    58 |    55 ||   165
Armor: Scale mail        |    28 |       |       |       |       |       |       |       ||    28
       Chain mail        |    24 |    85 |   235 |       |       |       |       |       ||   344
       Plate armour      |       |       |    22 |   280 |   336 |   170 |   218 |   268 ||  1294
       Storm dragon scal |       |       |       |       |       |   634 |   216 |       ||   850
       Gold dragon scale |       |       |       |       |       |       |       |   223 ||   223
Dodge: Dodged            |    29 |    32 |    90 |   167 |   187 |   443 |   306 |   252 ||  1506
Block: Shield            |    59 |    78 |   218 |   289 |       |       |       |       ||   644
       Large shield      |       |       |       |    23 |   945 |  2064 |  1761 |  1546 ||  6339
       Reflection        |       |       |       |       |       |       |       |    67 ||    67
